 Dungeon Sprint DCSS version 0.27-a0-475-g4587593e40 (webtiles) character file.

Game seed: 7550741540689053245

1 Mitsuki the Slasher (level 1, -3/13 HPs)
             Began as a Gargoyle Gladiator on Feb 26, 2021.
             Slain by a tarantella (4 damage)
             ... in the Dungeon (Sprint V: "Ziggurat Sprint") on Mar 1, 2021.
             The game lasted 00:03:41 (119 turns).

Mitsuki the Slasher (Gargoyle Gladiator)             Turns: 119, Time: 00:03:42

Health: -3/13      AC: 28    Str: 17    XL:     1   Next: 20%
Magic:  1/1        EV: -2    Int:  8    God:
Gold:   0          SH: 25    Dex: 11    Spells: 0/0 levels left

rFire    . . .     SeeInvis .   x - +7 Screaming Sword {vorpal, sonic wave}
rCold    . . .     Faith    .   y - +18 shield of the Gong {rElec rN+ Will+ EV-5}
rNeg     + + .     Spirit   .   u - +15 Maxwell's patent armour {-Cast -Tele rElec Will+ rCorr}
rPois    ∞         Reflect  .   c - +0 helmet
rElec    +         Harm     .   (no cloak)
rCorr    +         Rampage  .   (no gloves)
Will     ++...     NoTele   +   (no boots) Stlth ..........NoCast +
                                (no amulet)
HPRegen  0.04/turn              (no ring)
MPRegen  0.07/turn              (no ring)

@: no status effects
A: negative energy resistance 1, electricity resistance, unbreathing,
petrification resistance, miasma immunity, AC +2
a: no special abilities


You were in the Dungeon.
You visited 1 branch

Inventory:

Hand Weapons
 x - the +7 Screaming Sword (weapon) {vorpal, sonic wave}
   (You found it in the Dungeon)

   It inflicts extra damage upon your enemies.
 K - a +5 demon blade
Missiles
 d - 3 throwing nets (quivered)
Armour
 c - a +0 helmet (worn)
 u - the +15 Maxwell's patent armour (worn) {-Cast -Tele rElec Will+ rCorr}
   (You found it in the Dungeon)

   It insulates you from electricity.
   It affects your willpower, your defense against some magical effects.
   It prevents spellcasting.
   It prevents most forms of teleportation.
   It provides partial protection from all sources of acid and corrosion.
 y - the +18 shield of the Gong (worn) {rElec rN+ Will+ EV-5}
   (You found it in the Dungeon)

   It affects your evasion (-5).
   It insulates you from electricity.
   It protects you from negative energy.
   It affects your willpower, your defense against some magical effects.
Jewellery
 C - a ring of flight
 D - a +6 ring of dexterity
 E - a +6 ring of dexterity
 F - a +6 ring of intelligence
 G - a +6 ring of intelligence
 H - a +6 ring of strength
 I - a +6 ring of strength
Wands
 z - a wand of mindburst (7)
 A - a wand of iceblast (7)
 B - a wand of acid (7)
Scrolls
 j - 4 scrolls of blinking
 p - 4 scrolls of amnesia
 q - 7 scrolls of fog
 r - a scroll of holy word
 s - 5 scrolls of identify
 t - 2 scrolls of fear
Potions
 e - 10 potions of curing
 f - 10 potions of heal wounds
 g - 6 potions of haste
 h - 7 potions of magic
 i - 3 potions of berserk rage
 k - 2 potions of brilliance
 l - 2 potions of invisibility
 m - 4 potions of resistance
 n - a potion of experience
 o - 5 potions of might
Miscellaneous
 J - a lightning rod (4/4)


   Skills:
 + Level 2.4 Fighting
 + Level 2.8 Long Blades
 - Level 1.7 Throwing
 + Level 0.6 Armour
 + Level 2.5 Dodging
 + Level 0.6 Shields


You couldn't memorise any spells.
You didn't know any spells.
Your spell library contained the following spells:

 Spells                   Type           Power        Failure   Level
 Gell's Gravitas          Tloc           0%           100%        3
 Portal Projectile        Hex/Tloc       0%           100%        3
 Manifold Assault         Tloc           0%           100%        4
 Passage of Golubria      Tloc           N/A          100%        4
 Dispersal                Tloc           0%           100%        6
 Disjunction              Tloc           0%           100%        8


Dungeon Overview and Level Annotations

Branches:
Dungeon (1/1)

Altars:
Ashenzari
Cheibriados
Dithmenos
Elyvilon
Fedhas
Gozag
Hepliaklqana
Kikubaaqudgha
Makhleb
Nemelex Xobeh
Okawaru
Qazlal
Ru
Sif Muna
Trog
Uskayaw
Vehumet
Wu Jian
Xom
Yredelemnul
Zin
The Shining One
Beogh
Jiyva
Lugonu

Annotations:
D 1 transporter


Innate Abilities, Weirdness & Mutations

You are resistant to torment.
Your stone body is resilient. (AC +2)
You are immune to poison.
You resist negative energy. (rN+)
You are resistant to electric shocks. (rElec)
You can survive without breathing.
You are immune to petrification.
You are immune to miasma.


Message History

Your Maxwell's patent armour prevents you from hitting the jumping spider.
The jumping spider leaps!
You block the tarantella's attack.
GONNNNG!
You block the tarantella's attack.
GONNNNG!
The tarantella bites you. You block the tarantella's attack.
GONNNNG!
You take 3 damage, and have 4/13 hp.
MASSIVE DAMAGE!!
You are too injured to fight recklessly!
You are too injured to fight recklessly!
You are too injured to fight recklessly!
You are too injured to fight recklessly!
You are too injured to fight recklessly!
You are too injured to fight recklessly!
You are too injured to fight recklessly!
You are too injured to fight recklessly!
You are too injured to fight recklessly!
Your Maxwell's patent armour prevents you from hitting the tarantella.
You block the tarantella's attack.
GONNNNG!
You block the tarantella's attack.
GONNNNG!
The tarantella bites you.
* * * LOW HITPOINT WARNING * * *
The jumping spider leaps!
The tarantella bites you.
* * * LOW HITPOINT WARNING * * *
The tarantella bites you but does no damage.
You block the tarantella's attack.
SHROANNG!
You take 3 damage, and have 1/13 hp.
MASSIVE DAMAGE!!
You slash the tarantella!
The tarantella is severely wounded.
You block the tarantella's attack.
SHROANNG!
The jumping spider leaps!
The tarantella bites you but does no damage.
You block the tarantella's attack.
BONNNG!
The tarantella bites you.
You die...

▓▓▓▓▓▓▓▓▓▓▓▓▓
▓.8©8.▓.8©8.▓
▓."):.▓.....▓
▓..s..▓...|.▓
▓.....▓..†..▓
▓..ss.▓.....▓
▓.○@..▓..©..▓
▓..©..▓▓▓▓▓▓▓
▓▓▓▓▓▓▓


You could see a jumping spider and 2 tarantellas.

Vanquished Creatures
  2 ball pythons (D)
2 creatures vanquished.

Notes
Turn   | Place    | Note
-------+----------+-------------------------------------------
     0 | D        | Mitsuki the Gargoyle Gladiator began the quest for the Orb.
     0 | D        | Reached XP level 1. HP: 12/12 MP: 1/1
     0 | D        | Found a shimmering blue altar of Sif Muna.
     0 | D        | Found a sacrificial altar of Ru.
     0 | D        | Found a bloodstained altar of Trog.
     0 | D        | Found a stormy altar of Qazlal.
     0 | D        | Found an iron altar of Okawaru.
     0 | D        | Found a sparkling altar of Nemelex Xobeh.
     0 | D        | Found a blossoming altar of Fedhas.
     1 | D        | Found the +6 Majin-Bo {vamp, MP+6 Int+6}
     1 | D        | Found the +9 heavy crossbow "Sniper" {vorpal, Acc+∞ SInv}
     1 | D        | Found the +10 dark maul {vorpal}
     1 | D        | Found the +15 Maxwell's patent armour {-Cast -Tele rElec
                  | Will+ rCorr}
     1 | D        | Found the +18 shield of the Gong {rElec rN+ Will+ EV-5}
     1 | D        | Found the +14 obsidian axe {vorpal, *Drain +Fly SInv}
     1 | D        | Found the +7 great mace "Firestarter" {inner flame, rF++}
     1 | D        | Found the +6 shillelagh "Devastator" {shatter}
     1 | D        | Found the +11 plutonium sword {*Contam Stlth-}
     1 | D        | Found the +8 lance "Wyrmbane" {slay drac, rPois rF+ rC+
                  | AC+3}
     1 | D        | Found the +9 sword of Zonguldrok {reap}
     1 | D        | Found the +13 scythe of Curses {drain, *Drain}
     1 | D        | Found the +5 sword of Power {vorpal}
     1 | D        | Found the +7 mace of Variability {chain chaos}
     1 | D        | Found the +7 Singing Sword {vorpal, sonic wave}
     1 | D        | Found the +8 storm bow {elec, penet}
     2 | D        | Found a transporter.
     2 | D        | Found an ancient bone altar of Kikubaaqudgha.
     2 | D        | Found a viscous altar of Jiyva.
     2 | D        | Found a corrupted altar of Lugonu.
     2 | D        | Found a hazy altar of Hepliaklqana.
     2 | D        | Found a burning altar of Makhleb.
     2 | D        | Found an opulent altar of Gozag.
    83 | D        | Upgraded the game from 0.27-a0-419-g7a85846853 to
                  | 0.27-a0-475-g4587593e40
    97 | D        | Entered arena 2.
    97 | D        | Found a transporter.
   112 | D        | Entered arena 3.
   112 | D        | Noticed a tarantella
   112 | D        | Noticed a jumping spider
   112 | D        | Noticed a tarantella
   112 | D        | Found a transporter.
   119 | D        | Slain by a tarantella

Illustrated notes

Levels and vault maps discovered:
D:        sprint_v [room_start, room_1, room_2, room_3, room_4, room_5, room_6,
          room_7, room_8, room_9, room_10, room_11, room_12, room_13, room_14,
          room_15, room_16, room_17, room_18, room_19, room_20, room_21,
          room_22, room_23, room_24, room_25, room_26, room_27]

Action                   || total
-------------------------++-------
Melee: Double sword      ||     8
Armor: Plate armour      ||    17
Block: Kite shield       ||    29

Table legend: (Time is in decaauts)
 A = Elapsed time spent in this place.
 B = Non-inter-level travel time spent in this place.
 C = Inter-level travel time spent in this place.
 D = Time resting spent in this place.
 E = Time spent auto-exploring this place.
 F = Levels seen in this place.
 G = Mean time per level.
                   A        B        C        D        E       F      G
               +--------+--------+--------+--------+--------+-----+--------+
         Total |    123 |    123 |      0 |      0 |      1 |   1 |  123.0 |
       Dungeon |    123 |    123 |      0 |      0 |      1 |   1 |  123.0 |
               +--------+--------+--------+--------+--------+-----+--------+

Top non-repeatable levels by time:
       D: 123 daAuts
